 Dungeon Crawl Stone Soup version 0.23.2-1-ga50397a (webtiles) character file.

Game seed: 2611174246564177697

1400 Charmandara the Spear-Bearer (level 9, -1/60 (61) HPs)
             Began as a Formicid Skald on May 6, 2019.
             Was a Believer of Okawaru.
             Slain by an orc warrior
             ... wielding a +0 halberd
              (18 damage)
             ... on level 7 of the Dungeon.
             The game lasted 00:21:51 (7632 turns).

Charmandara the Spear-Bearer (Formicid Skald)       Turns: 7632, Time: 00:21:51

HP:   -1/60 (61)    AC: 10    Str: 16    XL:     9   Next: 1%
MP:   12/12         EV:  7    Int: 16    God:    Okawaru [**....]
Gold: 301           SH: 11    Dex: 15    Spells: 3/12 levels left

rFire    . . .     SeeInvis +   v - +1 lajatang
rCold    . . .     Gourm    .   a - +0 large shield
rNeg     . . .     Faith    .   c - +0 chain mail
rPois    .         Spirit   .   (helmet unavailable)
rElec    .         Reflect  .   (no cloak)
rCorr    .         Harm     .   (no gloves)
MR       .....                  l - +1 pair of boots
Stlth    ..........             (no amulet)
HPRegen  0.20/turn              y - ring of attention
MPRegen  0.13/turn              (no ring)

@: agile
A: permanent stasis, dig shafts and tunnels, four strong arms, antennae 3
a: Dig, Shaft Self, Heroism, Renounce Religion


You were on level 7 of the Dungeon.
You worshipped Okawaru.
Okawaru was pleased with you.
You were not hungry.

You visited 2 branches of the dungeon, and saw 8 of its levels.

You collected 301 gold pieces.

Inventory:

Hand Weapons
 f - a -3 trident
   (You found it on level 5 of the Dungeon)
 m - a +0 trident
   (You took it off an orc on level 6 of the Dungeon)
 v - a +1 lajatang (weapon)
   (You found it on level 4 of the Dungeon)
 x - a +0 halberd
   (You took it off a gnoll on level 6 of the Dungeon)
Missiles
 j - 31 sling bullets
 n - 24 poisoned needles
 o - 75 arrows
 p - 200 stones (quivered)
 r - 2 tomahawks
 u - 19 bolts
Armour
 a - a +0 large shield (worn)
   (You found it on level 5 of the Dungeon)
 b - a +0 leather armour
 c - a +0 chain mail (worn)
   (You found it on level 6 of the Dungeon)
 e - a +0 ring mail
   (You found it on level 1 of the Dungeon)
 l - a +1 pair of boots (worn)
   (You found it on level 2 of the Dungeon)
Jewellery
 y - a ring of attention (left hand)
   (You found it on level 4 of the Dungeon)
Wands
 q - a wand of iceblast (7)
   (You found it on level 5 of the Dungeon)
 t - a wand of digging (5)
   (You took it off Ijyb on level 3 of the Dungeon)
Scrolls
 i - 2 scrolls of identify
Potions
 g - a potion of flight
 h - 2 potions of resistance
 k - a potion of brilliance {unknown}
 w - 2 potions of cancellation
Comestibles
 d - 11 rations


   Skills:
 + Level 2.1 Fighting
 - Level 9.0 Polearms
 + Level 1.1 Armour
 - Level 1.7 Dodging
 * Level 0.0 Shields
 - Level 2.1 Spellcasting
 - Level 2.2 Hexes
 - Level 6.0 Charms


You had 3 spell levels left.
You knew the following spells:

 Your Spells              Type           Power        Failure   Level  Hunger
a - Infusion              Chrm           ###.         100%        1    #......
r - Regeneration          Chrm/Necr      ##........   100%        3    ###....
s - Shroud of Golubria    Chrm/Tloc      ##........   100%        2    ###....
z - Spectral Weapon       Hex/Chrm       ##......     100%        3    ###....

Your spell library contained the following spells:

 Spells                   Type           Power        Failure   Level  Hunger
 Sandblast                Erth           #.....       100%        1    #......
 Passwall                 Tmut/Erth      #.......     100%        2    ###....
 Song of Slaying          Chrm           ###.....     100%        2    ###....
 Stone Arrow              Conj/Erth      #.....       100%        3    ###....
 Petrify                  Tmut/Erth      #.......     100%        4    #####..
 Lee's Rapid Deconstruct  Erth           #.........   100%        5    ######.


Dungeon Overview and Level Annotations

Branches:
Dungeon (7/15)             Temple (1/1) D:6

Altars:
Ashenzari
Cheibriados
Dithmenos
Elyvilon
Fedhas
Gozag
Hepliaklqana
Kikubaaqudgha
Nemelex Xobeh
Okawaru
Qazlal
Ru
Sif Muna
Trog
Uskayaw
Vehumet
Wu Jian
Xom
Yredelemnul
Zin
The Shining One

Annotations:
D:6 Menkaure


Innate Abilities, Weirdness & Mutations

You cannot be hasted, slowed, berserked, paralysed or teleported.
You can dig through walls and to a lower floor.
Your four strong arms can wield two-handed weapons with a shield.
You have a pair of large antennae on your head. (SInv)


Message History

You regained 6 hp, and now have 24/60 hp.
MP restored: 12 You eat one of the 12 rations.
That ration really hit the spot!
You start resting.
Health restored: 60 Wear which item? (? for menu, Esc to quit)
You start putting on your armour.
You continue putting on your large shield. x4
You finish putting on your +0 large shield.
Unknown command.
Done exploring.
Done exploring.
There is a stone staircase leading down here.
Search for what [Enter for "armour", or ? for help]?
There is a stone staircase leading down here.
You climb downwards.
Level annotation: Menkaure
There is a stone staircase leading up here.
You see here a shiny chain mail.
c - a shiny chain mail Wear which item? (? for menu, Esc to quit)
You start removing your armour.
You continue taking off your +0 leather armour. x4
You finish taking off your +0 leather armour.
You start putting on your armour.
You continue putting on your shiny chain mail. x5
You finish putting on your cursed +0 chain mail.
Oops, that feels deathly cold.
Okay, then.
Done exploring.
There is a stone staircase leading up here.
There is a stone staircase leading down here.
There is a stone staircase leading down, spattered with blood here.
There is a stone staircase leading down here.
You climb downwards.
An orc warrior comes into view. It is wielding a +0 halberd.
There is a stone staircase leading up here.
Unknown command.
You see here a scroll of remove curse.
z - a scroll of remove curse
Okay, then.
As you read the scroll of remove curse, it crumbles to dust.
You feel as if something is helping you.
The orc warrior hits you but does no damage.
Wield which item (- for none, * to show all)? (? for menu, Esc to quit)
v - a +1 lajatang (weapon)
The orc warrior hits you but does no damage.
You hit the orc warrior but do no damage.
The orc warrior hits you with a +0 halberd.
You take 1 damage, and have 59/60 hp.
You hit the orc warrior but do no damage.
You block the orc warrior's attack.
You closely miss the orc warrior. You block the orc warrior's attack.
An orc comes into view. It is wielding a +0 flail.
An orc comes into view. It is wielding a +0 hand axe.
Your shield and chain mail prevent you from hitting the orc warrior.
The orc shouts!
You block the orc warrior's attack.
The orc warrior hits you with a +0 halberd!
You take 12 damage, and have 47/60 hp.
You hit the orc warrior but do no damage.
The orc warrior hits you with a +0 halberd!
You block the orc's attack.
You take 8 damage, and have 39/60 hp.
Unknown command.
You fail to use your ability.
The orc hits you with a +0 flail. The orc hits you with a +0 hand axe.
The orc warrior hits you with a +0 halberd.
You take 8 damage, and have 31/60 hp.
Unknown command.
You hit the orc warrior. You block the orc's attack.
The orc hits you but does no damage. You block the orc warrior's attack.
You closely miss the orc warrior. The orc hits you but does no damage.
The orc hits you with a +0 hand axe. You block the orc warrior's attack.
You take 1 damage, and have 30/60 hp.
Your shield and chain mail prevent you from hitting the orc warrior.
The orc hits you but does no damage. You block the orc's attack.
You block the orc warrior's attack.
You slash the orc warrior! The orc hits you but does no damage. x2
The orc warrior hits you with a +0 halberd!
* * * LOW HITPOINT WARNING * * *
You take 15 damage, and have 15/60 hp.
MASSIVE DAMAGE!!
Okay, then.
Okay, then.
You block the orc warrior's attack.
A bullfrog and a skeleton come into view.
The bullfrog gives a loud, deep croak!
The bullfrog moves out of view.
You extend your mandibles.
You dig through the rock wall.
You retract your mandibles.
You closely miss the orc. The orc hits you but does no damage.
You closely miss the orc. The orc completely misses you.
The orc warrior barely misses you. The orc hits you but does no damage.
Okay, then.
You feel agile all of a sudden. You block the orc's attack.
The orc warrior hits you from afar with a +0 halberd!!
You die...

...###......
.##..#.....## .
............#
...
...........#....
..##............
##.o#<..##.#.
##.#...#
###oo##..#
#@oZ## #.#
###F.# .# #.##
.. ... .. #...
##. #.... ###...
....


You could see an orc warrior, a bullfrog, 2 orcs and a quokka skeleton.

Vanquished Creatures
  An orc warrior (D:6)
  A phantom (D:4)
  A sky beast (D:5)
  A necrophage (D:6)
  A centaur (D:6)
  A bullfrog (D:6)
  A gnoll sergeant (D:6)
  A killer bee (D:6)
  A crimson imp (D:5)
  4 hounds
  A jelly (D:6)
  An orc priest (D:5)
  4 orc wizards
  An iguana (D:5)
  Ijyb (D:3)
  9 worker ants
  A hound skeleton (D:6)
  A worker ant zombie (D:4)
  4 gnolls (D:6)
  3 adders
  2 oozes
  A worm (D:2)
  3 dart slugs
  2 leopard geckos (D:3)
  14 orcs
  5 bats
  5 giant cockroaches
  10 hobgoblins
  3 jackals (D:4)
  A quokka (D:4)
  A ball python (D:2)
  4 frilled lizards
  12 goblins
  2 kobolds (D:3)
  A quokka skeleton (D:4)
  7 rats
112 creatures vanquished.

Vanquished Creatures (others)
  4 spectral weapons
4 creatures vanquished.

Grand Total: 116 creatures vanquished

Notes
Turn   | Place    | Note
-------+----------+-------------------------------------------
     0 | D:1      | Charmandara the Formicid Skald began the quest for the Orb.
     0 | D:1      | Reached XP level 1. HP: 16/16 MP: 3/3
   116 | D:1      | Reached XP level 2. HP: 21/22 MP: 1/5
   239 | D:1      | Learned a level 2 spell: Shroud of Golubria
   420 | D:1      | Reached skill level 3 in Polearms
   526 | D:1      | Reached XP level 3. HP: 16/27 MP: 0/6
   650 | D:1      | Learned a level 3 spell: Spectral Weapon
  1039 | D:2      | Reached skill level 1 in Hexes
  1079 | D:2      | Reached XP level 4. HP: 22/33 MP: 0/7
  1535 | D:2      | Reached skill level 4 in Polearms
  2191 | D:3      | Found an iron altar of Okawaru.
  2197 | D:3      | Became a worshipper of Warmaster Okawaru
  2214 | D:3      | Noticed Ijyb
  2272 | D:3      | Killed Ijyb
  2272 | D:3      | Reached skill level 2 in Hexes
  2272 | D:3      | Reached XP level 5. HP: 19/38 MP: 0/8
  2568 | D:3      | Found a bloodstained altar of Trog.
  2571 | D:3      | Found a radiant altar of Vehumet.
  2572 | D:3      | Found a blossoming altar of Fedhas.
  2572 | D:3      | Found a basalt altar of Yredelemnul.
  3005 | D:4      | Reached skill level 5 in Polearms
  3312 | D:4      | Found a hide-covered altar of Uskayaw.
  3321 | D:4      | Noticed a phantom
  3343 | D:4      | Killed a phantom
  3343 | D:4      | Reached * piety under Okawaru
  3343 | D:4      | Reached XP level 6. HP: 36/44 MP: 0/9
  3554 | D:4      | HP: 11/44 [hound (2)]
  3559 | D:4      | HP: 16/66 [poisoned by a worker ant]
  3564 | D:4      | HP: 16/66 [poisoned by a worker ant]
  3570 | D:4      | HP: 11/66 [hound (4)]
  3573 | D:4      | Reached skill level 6 in Polearms
  3584 | D:4      | HP: 4/44 [orc/+0 flail (5)]
  3752 | D:4      | Found a shadowy altar of Dithmenos.
  3801 | D:4      | HP: 10/44 [worker ant (5)]
  3822 | D:4      | HP: 8/44 [worker ant (6)]
  3823 | D:4      | Reached XP level 7. HP: 9/50 MP: 4/10
  3827 | D:4      | HP: 8/50 [poisoned by a worker ant]
  3835 | D:4      | HP: 7/50 [poisoned by a worker ant]
  4431 | D:5      | Entered Level 5 of the Dungeon
  4489 | D:5      | Reached skill level 4 in Charms
  4503 | D:5      | Learned a level 3 spell: Regeneration
  4563 | D:5      | HP: 5/50 [iguana (10)]
  4637 | D:5      | Identified the +5 spear of Beoca {drain, rElec rPois}
  4964 | D:5      | Reached skill level 7 in Polearms
  5236 | D:5      | Reached XP level 8. HP: 46/56 MP: 7/11
  5364 | D:6      | Reached ** piety under Okawaru
  5364 | D:6      | Reached skill level 5 in Charms
  5468 | D:6      | Reached skill level 8 in Polearms
  6030 | D:6      | Found an opulent altar of Gozag.
  6075 | D:6      | Noticed Menkaure
  6079 | D:6      | HP: 10/55 [??? (8)]
  6093 | D:6      | HP: 2/55 [centaur/arrow (6)]
  6103 | D:6      | HP: 3/55 [centaur/arrow (1)]
  6778 | D:6      | Found a staircase to the Ecumenical Temple.
  6784 | Temple   | Entered the Ecumenical Temple
  7192 | D:6      | Reached skill level 9 in Polearms
  7192 | D:6      | Reached skill level 6 in Charms
  7192 | D:6      | Reached XP level 9. HP: 29/60 MP: 6/12
  7623 | D:7      | HP: 15/60 [orc warrior/+0 halberd (15)]
  7632 | D:7      | Slain by an orc warrior

Skill      XL: |  1  2  3  4  5  6  7  8 |
---------------+-------------------------+-----
Polearms       | 3 4 5 6 7 9 |  9.0
Hexes          | 1 2 |  2.2
Charms         | 4 6 |  6.0
Fighting       | |  2.1
Armour         | |  1.1
Dodging        | |  1.7
Spellcasting   | |  2.1

Action                   |  1- 3 |  4- 6 |  7- 9 || total
-------------------------+-------+-------+-------++-------
Melee: Spear             |    94 |   332 |    15 ||   441
       Trident           |       |       |   185 ||   185
       Punch             |       |       |     2 ||     2
       Lajatang          |       |       |    11 ||    11
Throw: Stone             |       |     7 |     3 ||    10
 Cast: Infusion          |    10 |     7 |    12 ||    29
       Shroud of Golubri |     2 |     5 |       ||     7
       Spectral Weapon   |       |     4 |    14 ||    18
Invok: Heroism           |       |     1 |     5 ||     6
 Abil: Dig               |       |     1 |     1 ||     2
Evoke: Wand              |       |       |     2 ||     2
  Use: Scroll            |     2 |     8 |     5 ||    15
       Potion            |       |     6 |     3 ||     9
 Stab: Distracted        |       |       |     1 ||     1
  Eat: Chunk             |     1 |    11 |     8 ||    20
       Ration            |       |       |     2 ||     2
Armor: Leather armour    |    26 |    60 |    49 ||   135
       Skin              |       |    61 |       ||    61
       Chain mail        |       |       |     6 ||     6
Dodge: Dodged            |    35 |   138 |    95 ||   268
Block: Large shield      |       |       |    11 ||    11

Levels and vault maps discovered:
D:1:      wander_arrival_chamber, layout_basic, hex_intersection,
          roderic_serpentine_path, skrybe_limestone_x
D:2:      layout_rooms, first_ration, guppyfry_early_orc_mine
D:3:      layout_basic, chequers_temple_overflow_statue_of_worship,
          okawaru_ov_weapons_minmay, uniq_ijyb
D:4:      layout_basic, lemuel_doored_altar, hex_intersection,
          kennysheep_cross_bottleneck, nicolae_dithmenos_through_a_glass_darkly
D:5:      layout_loops_ring
D:6:      layout_loops_ring, minmay_temple_entry_enclosed_plants,
          grunt_gozag_breadcrumbs, uniq_menkaure
D:7:      minmay_clustersquares, layout_cave_pools
Temple:   regret_index_temple_generic_petals

Table legend:
 A = Turns spent in this place as a percentage of turns spent in the entire game.
 B = Non-inter-level travel turns spent in this place as a percentage of non-inter-level travel turns spent in the entire game.
 C = Inter-level travel turns spent in this place as a percentage of turns spent in this place.
 D = Turns resting spent in this place as a percentage of non-inter-level travel turns spent in this place.
 E = Turns spent auto-exploring this place as a percentage of non-inter-level travel turns spent in this place.
 F = Non-inter-level travel turns spent in this place divided by the number of levels of this place that you've seen.
                   A       B       C       D       E      F
               +-------+-------+-------+-------+-------+----------------------
         Total | 100.0 | 100.0 |   6.4 |  35.0 |  41.5 | 892.5
       Dungeon |  97.2 |  97.4 |   6.3 |  35.9 |  40.0 | 993.9
        Temple |   2.8 |   2.6 |  13.3 |   0.0 |  98.4 | 183.0
               +-------+-------+-------+-------+-------+----------------------

Table legend:
 A = Kills in this place as a percentage of kills in entire the game.
 B = Kills by you in this place as a percentage of kills by you in the entire game.
 C = Kills by friends in this place as a percentage of kills by friends in the entire game.
 D = Other kills in this place as a percentage of other kills in the entire game.
 E = Experience gained in this place as a percentage of experience gained in the entire game.
 F = Experience gained in this place divided by the number of levels of this place that you have seen.
                   A       B       C       D       E      F
               +-------+-------+-------+-------+-------+----------------------
         Total | 100.0 | 100.0 |   N/A |   N/A | 100.0 | 250.0
       Dungeon | 100.0 | 100.0 |   N/A |   N/A | 100.0 | 285.7
               +-------+-------+-------+-------+-------+----------------------
